MLB
MINNESOTA TWINS @ DETROIT TIGERS
09/14/2098
 
TOP OF THE 1ST
Minnesota Twins batting - Pitching for Detroit Tigers : LHP Mark Fleming
Pitching: LHP Mark Fleming
Batting: RHB Rogelio Rivera 0-0: Ball
1-0: Ball
2-0: SINGLE (Line Drive, 3D, EV 98.8 MPH)
Batting: SHB Jim Whitlock 0-0: Swinging Strike
0-1: Fly out, F9 (Line Drive, 9D, EV 90.6 MPH)
Batting: RHB Bill Widby 0-0: Ball
1-0: Ball
2-0: Foul Ball, location: 2F
2-1: Fly out, F6 (Popup, 6M, EV 77.5 MPH)
Batting: SHB William Maki 0-0: Ground out U3 (Groundball, 23, EV 81.9 MPH)
Top of the 1st over - 0 runs, 1 hit, 0 errors, 1 left on base; Minnesota 0 - Detroit 0
BOTTOM OF THE 1ST
Detroit Tigers batting - Pitching for Minnesota Twins : LHP Josh Schumann
Pitching: LHP Josh Schumann
Batting: LHB Tim Wilson 0-0: Called Strike
0-1: Foul Ball, location: 3F
0-2: Foul Ball, location: 3FF
0-2: Fly out, F9 (Flyball, 9, EV 86.9 MPH)
Batting: RHB Steve Selmon 0-0: Ball
1-0: Ball
2-0: Called Strike
2-1: Ball
3-1: Foul Ball, location: 2RF
3-2: Ground out 5-3 (Groundball, 56, EV 96.9 MPH)
Batting: RHB Edgar Navarrete 0-0: SINGLE (Groundball, 34D, EV 94.4 MPH)
Batting: SHB Mike Knighten 0-0: Swinging Strike
0-1: Ball
1-1: Swinging Strike
1-2: Strikes out swinging
Bottom of the 1st over - 0 runs, 1 hit, 0 errors, 1 left on base; Minnesota 0 - Detroit 0
TOP OF THE 2ND
Minnesota Twins batting - Pitching for Detroit Tigers : LHP Mark Fleming
Batting: RHB Joe Looby 0-0: Foul Ball, location: 5FF
0-1: Ball
1-1: Ball
2-1: Swinging Strike
2-2: Foul Ball, location: 2F
2-2: Strikes out swinging
Batting: LHB Dan Barker 0-0: Ball
1-0: Ball
2-0: Fly out, F8 (Flyball, 8LS, EV 75.6 MPH)
Batting: RHB Pablo Luna 0-0: Foul Ball, location: 7LMF
0-1: Swinging Strike
0-2: Ball
1-2: Ball
2-2: SINGLE (Line Drive, 7LS, EV 85.6 MPH)
Batting: RHB Jake Landen 0-0: Called Strike
0-1: Called Strike
0-2: Ball
1-2: Ball
2-2: Ball
3-2: Foul Ball, location: 2RF
3-2: Foul Ball, location: 2F
3-2: Foul Ball, location: 2F
3-2: Strikes out looking
Top of the 2nd over - 0 runs, 1 hit, 0 errors, 1 left on base; Minnesota 0 - Detroit 0
BOTTOM OF THE 2ND
Detroit Tigers batting - Pitching for Minnesota Twins : LHP Josh Schumann
Batting: RHB Donald Nohl 0-0: Called Strike
0-1: Ball
1-1: Ball
2-1: Swinging Strike
2-2: Foul Ball, location: 2F
2-2: Strikes out swinging
Batting: LHB Philip Clark 0-0: Ball
1-0: Foul Ball, location: 7LDF
1-1: Ball
2-1: Foul Ball, location: 2F
2-2: Foul Ball, location: 2LF
2-2: Foul Ball, location: 7LMF
2-2: SINGLE (Line Drive, 7LM, EV 96.9 MPH)
Batting: RHB Allan Alessi 0-0: DOUBLE (Line Drive, 78D, EV 103.1 MPH)
Philip Clark to third
Runner from 3rd tries for Home, SAFE, throw by LF to home
Batting: RHB Fethi Yazîcîzâde 0-0: Ground out U3 (Groundball, 34, EV 109.4 MPH)
Allan Alessi to third
Batting: RHB Jake Henson 0-0: Ball
1-0: Called Strike
1-1: Hit by Pitch
Batting: LHB Tim Wilson 0-0: Fly out, F7 (Flyball, 78S, EV 87.5 MPH)
Bottom of the 2nd over - 1 run, 2 hits, 0 errors, 2 left on base; Minnesota 0 - Detroit 1
TOP OF THE 3RD
Minnesota Twins batting - Pitching for Detroit Tigers : LHP Mark Fleming
Batting: SHB Nick White 0-0: Fly out, F9 (Flyball, 89S, EV 84.4 MPH)
Batting: RHB Rogelio Rivera 0-0: Ball
1-0: Foul Ball, location: 9LSF
1-1: Ball
2-1: Fly out, F3 (Popup, 3S, EV 86.9 MPH)
Batting: SHB Jim Whitlock 0-0: Fly out, F9 (Line Drive, 89M, EV 91.3 MPH)
Top of the 3rd over - 0 runs, 0 hits, 0 errors, 0 left on base; Minnesota 0 - Detroit 1
BOTTOM OF THE 3RD
Detroit Tigers batting - Pitching for Minnesota Twins : LHP Josh Schumann
Batting: RHB Steve Selmon 0-0: Ball
1-0: Ball
2-0: Ball
3-0: Called Strike
3-1: Base on Balls
Batting: RHB Edgar Navarrete 0-0: Ball
1-0: Foul Ball, location: 9LDF
1-1: Ball
2-1: Swinging Strike
2-2: Strikes out swinging
Batting: SHB Mike Knighten 0-0: Ball
1-0: Ball
2-0: Called Strike
2-1: Ball
3-1: Fly out, F4 (Popup, 4MD, EV 60.6 MPH)
Batting: RHB Donald Nohl 0-0: Called Strike
0-1: Foul Ball, location: 2F
0-2: Ground out 5-3 (Groundball, 56, EV 108.8 MPH)
Bottom of the 3rd over - 0 runs, 0 hits, 0 errors, 1 left on base; Minnesota 0 - Detroit 1
TOP OF THE 4TH
Minnesota Twins batting - Pitching for Detroit Tigers : LHP Mark Fleming
Batting: RHB Bill Widby 0-0: Foul Ball, location: 5FF
0-1: Ball
1-1: Swinging Strike
1-2: Ball
2-2: Foul Ball, location: 25FF
2-2: Strikes out swinging
Batting: SHB William Maki 0-0: Ball
1-0: Ball
2-0: Ball
3-0: Called Strike
3-1: Base on Balls
Batting: RHB Joe Looby 0-0: Ball
1-0: Ball
2-0: Ball
3-0: Called Strike
3-1: Called Strike
3-2: Strikes out looking
William Maki steals 2nd base
Batter strikes out.
Batting: LHB Dan Barker 0-0: Ball
1-0: Called Strike
1-1: Ball
2-1: SINGLE (Groundball, 34D, EV 110.0 MPH)
William Maki to third
Runner from 3rd tries for Home, SAFE, throw by RF to home
Batting: RHB Pablo Luna 0-0: Called Strike
0-1: Swinging Strike
0-2: Strikes out looking
Top of the 4th over - 1 run, 1 hit, 0 errors, 1 left on base; Minnesota 1 - Detroit 1
BOTTOM OF THE 4TH
Detroit Tigers batting - Pitching for Minnesota Twins : LHP Josh Schumann
Batting: LHB Philip Clark 0-0: Swinging Strike
0-1: Called Strike
0-2: Foul Ball, location: 2F
0-2: Strikes out looking
Batting: RHB Allan Alessi 0-0: Ball
1-0: Called Strike
1-1: Foul Ball, location: 3F
1-2: Foul Ball, location: 5FF
1-2: Ball
2-2: Foul Ball, location: 9LDF
2-2: Foul Ball, location: 9LMF
2-2: Foul Ball, location: 9LMF
2-2: SINGLE (Line Drive, 9S, EV 93.1 MPH)
Batting: RHB Fethi Yazîcîzâde 0-0: Ball
1-0: Ball
2-0: Ball
3-0: Fly out, F9 (Flyball, 9S, EV 89.4 MPH)
Batting: RHB Jake Henson 0-0: Ball
1-0: Ball
2-0: Ball
3-0: Base on Balls
Allan Alessi to second
Batting: LHB Tim Wilson 0-0: Foul Ball, location: 7LMF
0-1: Swinging Strike
0-2: 3-RUN HOME RUN (Line Drive, 7D, EV 98.8 MPH), Distance : 385 ft
Batting: RHB Steve Selmon 0-0: Called Strike
0-1: Foul Ball, location: 25F
0-2: Strikes out swinging
Bottom of the 4th over - 3 runs, 2 hits, 0 errors, 0 left on base; Minnesota 1 - Detroit 4
TOP OF THE 5TH
Minnesota Twins batting - Pitching for Detroit Tigers : LHP Mark Fleming
Batting: RHB Jake Landen 0-0: Called Strike
0-1: Foul Ball, location: 23FF
0-2: Strikes out swinging
Batting: SHB Nick White 0-0: Swinging Strike
0-1: Fly out, F7 (Flyball, 7D, EV 103.1 MPH)
Pitching: RHP Justin Grogan
Batting: RHB Rogelio Rivera 0-0: Called Strike
0-1: Foul Ball, location: 5DF
0-2: Foul Ball, location: 2F
0-2: Strikes out swinging
Top of the 5th over - 0 runs, 0 hits, 0 errors, 0 left on base; Minnesota 1 - Detroit 4
BOTTOM OF THE 5TH
Detroit Tigers batting - Pitching for Minnesota Twins : LHP Josh Schumann
Batting: RHB Edgar Navarrete 0-0: Ball
1-0: Foul Ball, location: 2F
1-1: Ball
2-1: Foul Ball, location: 3SF
2-2: Strikes out swinging
Pitching: RHP Jaden Moore
Batting: SHB Mike Knighten 0-0: Called Strike
0-1: Ball
1-1: Ball
2-1: Fly out, F9 (Line Drive, 89D, EV 99.4 MPH)
Batting: RHB Donald Nohl 0-0: Called Strike
0-1: Ball
1-1: Ball
2-1: Foul Ball, location: 2F
2-2: Strikes out swinging
Bottom of the 5th over - 0 runs, 0 hits, 0 errors, 0 left on base; Minnesota 1 - Detroit 4
TOP OF THE 6TH
Minnesota Twins batting - Pitching for Detroit Tigers : RHP Justin Grogan
Batting: SHB Jim Whitlock 0-0: Ball
1-0: Ground out 1-3 (Groundball, 13S, EV 73.1 MPH)
Batting: RHB Bill Widby 0-0: Ball
1-0: Ball
2-0: Ball
3-0: Foul Ball, location: 5F
3-1: Fly out, F7 (Flyball, 7S, EV 91.3 MPH)
Batting: SHB William Maki 0-0: Ball
1-0: Fly out, F8 (Line Drive, 78M, EV 95.0 MPH)
Top of the 6th over - 0 runs, 0 hits, 0 errors, 0 left on base; Minnesota 1 - Detroit 4
BOTTOM OF THE 6TH
Detroit Tigers batting - Pitching for Minnesota Twins : RHP Jaden Moore
Batting: LHB Philip Clark 0-0: Ball
1-0: Called Strike
1-1: Foul Ball, location: 2F
1-2: SINGLE (Groundball, 34S, EV 69.4 MPH) (infield hit)
Batting: RHB Allan Alessi 0-0: Grounds into double play, 4-6-3 (Groundball, 34, EV 85.6 MPH)
Batting: RHB Fethi Yazîcîzâde 0-0: Foul Ball, location: 9LMF
0-1: Swinging Strike
0-2: Ball
1-2: Ground out 6-3 (Groundball, 6, EV 92.5 MPH)
Bottom of the 6th over - 0 runs, 1 hit, 0 errors, 0 left on base; Minnesota 1 - Detroit 4
TOP OF THE 7TH
Minnesota Twins batting - Pitching for Detroit Tigers : RHP Justin Grogan
Batting: RHB Joe Looby 0-0: Ball
1-0: Ball
2-0: Ball
3-0: Base on Balls
Batting: LHB Dan Barker 0-0: Ball
1-0: Ball
Wild Pitch!
Joe Looby to second
2-0: Called Strike
2-1: Swinging Strike
2-2: Ball
3-2: Base on Balls
Pinch Hitting: LHB Jay Molteni 0-0: Foul Ball, location: 25F
0-1: Called Strike
0-2: Ball
1-2: Ball
2-2: DOUBLE (Flyball, 8RXD, EV 93.8 MPH)
Joe Looby scores
Dan Barker to third
Batting: RHB Jake Landen 0-0: Ball
1-0: Ball
2-0: Fly out, F8 (Flyball, 78M, EV 91.9 MPH)
Runner from 3rd tags up, SCORES, throw by CF
Pitching: LHP Malcolm Shelvin
Pinch Hitting: RHB Greg Schuler 0-0: Ball
1-0: Called Strike
1-1: Ball
2-1: Fly out, F8 (Flyball, 8LD, EV 101.9 MPH)
Batting: RHB Rogelio Rivera 0-0: Called Strike
0-1: Foul Ball, location: 5F
0-2: Fly out, F9 (Flyball, 9LM, EV 80.6 MPH)
Top of the 7th over - 2 runs, 1 hit, 0 errors, 1 left on base; Minnesota 3 - Detroit 4
BOTTOM OF THE 7TH
Detroit Tigers batting - Pitching for Minnesota Twins : RHP Jaden Moore
Now at 3B: Greg Schuler
Now at SS: Chris Ward
Pinch Hitting: SHB Mang He 0-0: Ball
1-0: Called Strike
1-1: Foul Ball, location: 7LMF
1-2: Foul Ball, location: 7LMF
1-2: Ground out 1-3 (Groundball, 13S, EV 68.1 MPH)
Batting: LHB Tim Wilson 0-0: Ball
1-0: Ball
2-0: Ground out 6-3 (Groundball, 6, EV 86.3 MPH)
Batting: RHB Steve Selmon 0-0: Foul Ball, location: 2F
0-1: Foul Ball, location: 5SF
0-2: Foul Ball, location: 9LMF
0-2: Reached on error, E5 (Groundball, 56, EV 83.1 MPH)
Pitching: RHP Mario Prado
Batting: RHB Edgar Navarrete 0-0: Swinging Strike
0-1: Ball
1-1: Ball
2-1: Ball
3-1: Base on Balls
Steve Selmon to second
Batting: SHB Mike Knighten 0-0: Called Strike
0-1: Ball
1-1: Foul Ball, location: 2F
1-2: Strikes out swinging
Bottom of the 7th over - 0 runs, 0 hits, 1 error, 2 left on base; Minnesota 3 - Detroit 4
TOP OF THE 8TH
Minnesota Twins batting - Pitching for Detroit Tigers : LHP Malcolm Shelvin
Now in CF: Jason Schneider
Batting: SHB Jim Whitlock 0-0: Foul Ball, location: 5DF
0-1: Called Strike
0-2: Strikes out looking
Batting: RHB Bill Widby 0-0: Ball
1-0: Called Strike
1-1: Called Strike
1-2: Ground out 6-3 (Groundball, 6, EV 104.4 MPH)
Batting: SHB William Maki 0-0: DOUBLE (Line Drive, 9LD, EV 104.4 MPH)
Batting: RHB Joe Looby 0-0: Called Strike
0-1: Swinging Strike
0-2: Strikes out swinging
Top of the 8th over - 0 runs, 1 hit, 0 errors, 1 left on base; Minnesota 3 - Detroit 4
BOTTOM OF THE 8TH
Detroit Tigers batting - Pitching for Minnesota Twins : RHP Mario Prado
Pitching: RHP Jeff Olguin
Batting: LHB Nick Penix 0-0: Ball
1-0: Ball
2-0: Foul Ball, location: 9LDF
2-1: Called Strike
2-2: Foul Ball, location: 7LSF
2-2: Ball
3-2: Foul Ball, location: 7LMF
3-2: Fly out, F7 (Flyball, 7, EV 91.3 MPH)
Batting: LHB Philip Clark 0-0: Called Strike
0-1: Ball
1-1: Ground out 4-3 (Groundball, 13, EV 85.6 MPH)
Batting: RHB Allan Alessi 0-0: Ball
1-0: Swinging Strike
1-1: Foul Ball, location: 3SF
1-2: Strikes out swinging
Bottom of the 8th over - 0 runs, 0 hits, 0 errors, 0 left on base; Minnesota 3 - Detroit 4
TOP OF THE 9TH
Minnesota Twins batting - Pitching for Detroit Tigers : LHP Malcolm Shelvin
Pitching: RHP Jose Munoz
Now at 2B: Billy Joye
Now at 3B: Tim Wilson
Now in LF: Justin Kenworthy
Batting: LHB Dan Barker 0-0: Ball
1-0: Fly out, F7 (Line Drive, 78M, EV 88.1 MPH)
Pinch Hitting: SHB Marc Sakkal 0-0: Called Strike
0-1: Ball
1-1: SINGLE (Line Drive, 78M, EV 94.4 MPH)
Pinch Hitting: SHB Dan Mayes 0-0: Called Strike
0-1: Swinging Strike
0-2: Strikes out looking
Batting: RHB Greg Schuler 0-0: Ball
1-0: Swinging Strike
1-1: Foul Ball, location: 2F
1-2: Ball
2-2: Strikes out swinging
Top of the 9th over - 0 runs, 1 hit, 0 errors, 1 left on base; Minnesota 3 - Detroit 4
Sunday, April 14th , 2024 - OOTP Baseball 24.11 Build 85